 Dungeon Crawl Stone Soup version 0.22.1-6-g1668fe2 (webtiles) character file.

1614 doot the Carver (level 8, -1/48 HPs)
             Began as a Vampire Gladiator on Jan 21, 2019.
             Was a Follower of Kikubaaqudgha.
             Killed by divine providence
             ... invoked by an orc priest
              (9 damage)
             ... on level 6 of the Dungeon.
             The game lasted 00:16:06 (5643 turns).

doot the Carver (Vampire Gladiator)                 Turns: 5643, Time: 00:16:06

Health: -1/48      AC: 13    Str: 13    XL:     8   Next: 64%
Magic:  8/8        EV: 17    Int: 13    God:    Kikubaaqudgha [*.....]
Gold:   378        SH:  0    Dex: 15    Spells: 7/7 levels left

rFire    . . .     SeeInvis +   h - +5 falchion of Balance {protect, rC++ rN+}
rCold    + + .     Gourm    .   (no shield)
rNeg     + . .     Faith    +   b - +0 leather armour
rPois    +         Spirit   .   s - +2 hat
rElec    .         Reflect  .   (no cloak)
rCorr    .         Harm     .   q - +0 pair of gloves
MR       +....                  (no boots)
Stlth    ++........             K - amulet of faith
HPRegen  0.36/turn              M - ring of protection from magic
MPRegen  0.11/turn              L - ring of poison resistance

@: protection aura, regenerating quickly
A: fangs 3, repulsion field 1, see invisible, frail 2, sense surroundings 1,
poison resistance, unbreathing
a: Receive Corpses, Renounce Religion


You were on level 6 of the Dungeon.
You worshipped Kikubaaqudgha.
Kikubaaqudgha was aware of your devotion.
You were full.

You visited 2 branches of the dungeon, and saw 7 of its levels.
You also visited: Sewer.

You collected 378 gold pieces.

Inventory:

Hand Weapons
 a - a +0 long sword
 h - the +5 falchion of Balance (weapon) {protect, rC++ rN+}
   (You found it on level 6 of the Dungeon)

   It protects the one who uses it against injury (+AC on strike).
   It greatly protects you from cold.
   It protects you from negative energy.
 r - a +3 dagger of venom
 u - a +0 blowgun
 C - a +0 dagger of venom
 N - a +0 shortbow
Missiles
 d - 2 throwing nets (quivered)
 v - 36 poisoned needles
 O - 17 arrows
Armour
 b - a +0 leather armour (worn)
 c - a +0 helmet
 q - a +0 pair of gloves (worn)
 s - a +2 hat (worn)
 T - a +0 hat
Magical Staves
 U - an uncursed staff of air
Jewellery
 B - an uncursed amulet of harm
 J - an uncursed ring of ice
 K - an amulet of faith (around neck)
 L - a ring of poison resistance (right hand)
 M - a ring of protection from magic (left hand)
 Q - an uncursed amulet of guardian spirit
Wands
 y - a wand of enslavement (18)
 A - a wand of polymorph (14)
 R - a wand of paralysis (11)
Scrolls
 f - 3 scrolls of blinking
 g - 2 scrolls of remove curse {unknown}
 l - 4 scrolls of teleportation {unknown}
 m - 2 scrolls of fog {unknown}
 p - 4 scrolls of identify
 t - 2 scrolls of amnesia {unknown}
 z - a scroll of random uselessness {unknown}
 E - 3 scrolls of immolation {unknown}
 G - a scroll of fear {unknown}
 I - a scroll of magic mapping {unknown}
 S - a scroll of enchant weapon {unknown}
Potions
 e - 19 potions of blood
 i - 2 potions of brilliance {unknown}
 j - a potion of magic {unknown}
 k - a potion of degeneration {unknown}
 n - 3 potions of heal wounds
 o - a potion of lignification {unknown}
 w - a potion of invisibility {unknown}
 x - 3 potions of curing
 D - a potion of resistance {unknown}
 F - 2 potions of cancellation {unknown}
 H - a potion of agility {unknown}
 P - a potion of haste {unknown}


   Skills:
 + Level 4.0 Fighting
 + Level 8.2 Long Blades
 + Level 1.9 Throwing
 + Level 3.5 Armour
 + Level 5.3 Dodging
 + Level 4.1 Stealth
 + Level 0.4 Evocations


You had 7 spell levels left.
You didn't know any spells.
Your spell library was empty.

Dungeon Overview and Level Annotations

Branches:
Dungeon (6/15)             Temple (1/1) D:6

Altars:
Ashenzari
Cheibriados
Dithmenos
Fedhas
Gozag
Hepliaklqana
Kikubaaqudgha
Makhleb
Nemelex Xobeh
Qazlal
Ru
Sif Muna
Trog
Uskayaw
Vehumet
Wu Jian
Xom
Yredelemnul
Zin
The Shining One


Innate Abilities, Weirdness & Mutations

Your natural rate of healing is unusually fast.
You have razor-sharp teeth.
You have supernaturally acute eyesight. (SInv)
You can survive without breathing.
You are surrounded by a mild repulsion field. (EV +2)
You are very frail. (-20% HP)
You passively map a small area around you.
Your system is resistant to poisons. (rPois)


Message History

You barely miss the orc wizard.
The orc wizard is almost dead.
The orc wizard casts a spell.
The orc wizard seems to speed up.
You hit the orc wizard.
You kill the orc wizard!
Kikubaaqudgha accepts your kill.
You barely miss the orc.
The orc is severely wounded.
The orc misses you.
The orc priest calls down the wrath of Beogh upon you.
Beogh smites you!
* * * LOW HITPOINT WARNING * * *
You hit the orc.
You kill the orc!
Kikubaaqudgha accepts your kill.
The orc priest mumbles some strange prayers to Beogh against you.
Beogh smites you!
You die...
Kikubaaqudgha rasps: "You have failed me!
Welcome... oblivion!"

..## #.# ..#
############
#.# ###
#..........#
#.# #
#.########.#
#.##
#######.#
#.# #..#
........#
#.# ##.#
#########
#.# #.# #:#
#.# #@# #.#
#)# #.# .o.
#.#
###...###
#.# *.......
#.# .......
#.# .......
#.#
###..(###
#.# ..< ##.#


You could see an orc priest.

Vanquished Creatures
  A steam dragon (D:6)
  Duvessa (D:6)
  A sky beast (D:5)
  2 ice beasts
  2 ogres (D:4)
  A centaur (D:5)
  A bullfrog (D:6)
  Dowan (D:6)
  A howler monkey (D:4)
  2 crimson imps (D:5)
  A bullfrog zombie (D:6)
  A bullfrog skeleton (D:5)
  4 hounds
  3 orc wizards
  A centaur skeleton (D:5)
  Natasha (thrice) (D:3)
  A worker ant (D:4)
  9 adders
  A shadow imp (D:5)
  3 oozes
  4 worms
  3 leopard geckos
  24 orcs
  2 ball pythons
  9 giant cockroaches
  3 goblins
  8 hobgoblins
  6 jackals
  7 kobolds
  A quokka (D:6)
  6 bats
  8 frilled lizards
  7 rats
128 creatures vanquished.

Notes
Turn   | Place    | Note
-------+----------+-------------------------------------------
     0 | D:1      | doot the Vampire Gladiator began the quest for the Orb.
     0 | D:1      | Reached XP level 1. HP: 16/16 MP: 1/1
    79 | D:1      | Reached XP level 2. HP: 22/22 MP: 2/2
   676 | D:2      | Reached XP level 3. HP: 21/27 MP: 3/3
  1043 | D:2      | Found a sparkling altar of Nemelex Xobeh.
  1049 | D:2      | Found a burning altar of Makhleb.
  1571 | D:3      | Found a glowing drain.
  1575 | D:3      | Noticed Natasha
  1581 | Sewer    | Entered a sewer
  1776 | Sewer    | Noticed a crocodile
  2016 | D:3      | Reached skill level 1 in Armour
  2053 | D:3      | Killed Natasha
  2053 | D:3      | Reached skill level 1 in Stealth
  2053 | D:3      | Reached XP level 4. HP: 21/33 MP: 4/4
  2056 | D:3      | Noticed Natasha
  2171 | D:3      | Killed Natasha
  2171 | D:3      | Reached skill level 4 in Long Blades
  2219 | D:3      | Found a sacrificial altar of Ru.
  2482 | D:3      | Noticed Natasha
  2490 | D:3      | Killed Natasha
  2490 | D:3      | Reached XP level 5. HP: 37/39 MP: 5/5
  2893 | D:4      | Found a hide-covered altar of Uskayaw.
  2896 | D:4      | Noticed an ogre
  3002 | D:4      | Noticed an ogre
  3009 | D:4      | Killed an ogre
  3009 | D:4      | Reached skill level 5 in Long Blades
  3009 | D:4      | Reached XP level 6. HP: 36/46 MP: 6/6
  3046 | D:4      | Found a glowing silver altar of Zin.
  3090 | D:4      | Found a burning altar of Makhleb.
  3564 | D:4      | Reached XP level 7. HP: 48/51 MP: 7/7
  3632 | D:5      | Entered Level 5 of the Dungeon
  3702 | D:5      | Reached skill level 6 in Long Blades
  3864 | D:5      | Found an ancient bone altar of Kikubaaqudgha.
  3888 | D:5      | Became a worshipper of Kikubaaqudgha
  4055 | D:5      | Reached skill level 7 in Long Blades
  4655 | D:5      | Reached XP level 8. HP: 39/58 MP: 8/8
  4951 | D:6      | Noticed Duvessa
  4951 | D:6      | Noticed Dowan
  4969 | D:6      | Killed Duvessa
  4969 | D:6      | Reached skill level 5 in Dodging
  4973 | D:6      | Killed Dowan
  5154 | D:6      | Found a bloodstained altar of Trog.
  5171 | D:6      | Found a staircase to the Ecumenical Temple.
  5178 | Temple   | Entered the Ecumenical Temple
  5284 | D:6      | Gained mutation: You passively map a small area around you.
                  | [potion of mutation]
  5284 | D:6      | Gained mutation: Your body sometimes deteriorates upon
                  | taking damage. [potion of mutation]
  5284 | D:6      | Gained mutation: Your mind is acute. (Int +2) [potion of
                  | mutation]
  5300 | D:6      | Reached skill level 8 in Long Blades
  5304 | D:6      | Lost mutation: Your body sometimes deteriorates upon taking
                  | damage. [potion of mutation]
  5304 | D:6      | Lost mutation: Your mind is acute. (Int +2) [potion of
                  | mutation]
  5304 | D:6      | Gained mutation: You are dopey. (Int -2) [potion of
                  | mutation]
  5304 | D:6      | Gained mutation: Your spells are a little harder to cast,
                  | but a little more powerful. [potion of mutation]
  5305 | D:6      | Lost mutation: Your spells are a little harder to cast, but
                  | a little more powerful. [potion of mutation]
  5305 | D:6      | Lost mutation: You are dopey. (Int -2) [potion of mutation]
  5305 | D:6      | Gained mutation: You are frail. (-10% HP) [potion of
                  | mutation]
  5305 | D:6      | Gained mutation: Your system is resistant to poisons.
                  | (rPois) [potion of mutation]
  5305 | D:6      | Gained mutation: You are very frail. (-20% HP) [potion of
                  | mutation]
  5305 | D:6      | Gained mutation: You are surrounded by a mild repulsion
                  | field. (EV +2) [potion of mutation]
  5321 | D:6      | Got a transparent falchion
  5322 | D:6      | Identified the +5 falchion of Balance {protect, rC++ rN+}
                  | (You found it on level 6 of the Dungeon)
  5634 | D:6      | Reached * piety under Kikubaaqudgha
  5634 | D:6      | Identified Kikubaaqudgha's Catalogue of Sinister Secrets
                  | (Kikubaaqudgha gifted it to you on level 6 of the Dungeon)
  5634 | D:6      | Received a gift from Kikubaaqudgha
  5643 | D:6      | Killed from afar by an orc priest

Skill      XL: |  1  2  3  4  5  6  7  8 |
---------------+-------------------------+-----
Fighting       | 2 3 4 |  4.0
Armour         | 1 2 3 |  3.5
Stealth        | 1 2 3 4 |  4.1
Long Blades    | 4 5 7 8 |  8.2
Dodging        | 4 5 |  5.3
Throwing       | |  1.9
Evocations     | |  0.4

Action                   |  1- 3 |  4- 6 |  7- 9 || total
-------------------------+-------+-------+-------++-------
Melee: Long sword        |   104 |   124 |   176 ||   404
       Bite              |    13 |     8 |    27 ||    48
       Unarmed           |     2 |       |       ||     2
       Falchion          |       |       |    33 ||    33
Throw: Throwing net      |       |     1 |       ||     1
 Abil: End Transformatio |     5 |     3 |       ||     8
       Bat Form          |     5 |     3 |       ||     8
Evoke: Wand              |       |       |     4 ||     4
  Use: Potion            |     7 |     2 |    18 ||    27
       Scroll            |       |       |     2 ||     2
 Stab: Sleeping          |     4 |     2 |     5 ||    11
       Held in net/web   |       |     2 |       ||     2
Armor: Leather armour    |    38 |    29 |    54 ||   121
Dodge: Dodged            |   120 |    93 |   121 ||   334
       Rpst.: Long sword |    25 |    25 |    26 ||    76
       Falchion          |       |       |     2 ||     2
